Map: Disco Bloodbath LE

Players

Bleak

  • Race: Terran Terran
  • League: Platinum
  • Spawn Location: 3:00

pHARM - Winner!

  • Race: Zerg Zerg
  • League: Platinum
  • Spawn Location: 9:00

VOD

Have the link to the VOD?

Description

Time

  • Played on: Sept. 13, 2019, 10:52 p.m.
  • Length: 24:15
Show
View Real Time Build Order
Export as new Build Order

Bleak Terran 

Build Orders: 2 Factory, Gas First Reaper Expand 

Get SALT Encoding   

  12  0:00  SCV  
  13  0:13  SCV  
  14  0:17  Supply Depot  
  14  0:25  SCV  
  14  0:28  Refinery  
  15  0:39  SCV  
  16  0:47  Barracks  
  16  0:51  SCV  
  17  1:03  SCV  
  18  1:15  SCV  
  19  1:34  Orbital Command  
  19  1:35  Reaper  
  20  1:49  Command Center  
  20  2:00  SCV  
  21  2:04  Factory  
  21  2:12  SCV  
  22  2:16  Barracks Reactor  
  22  2:18  Supply Depot  
  22  2:21  Refinery  
  22  2:25  SCV  
  23  2:39  SCV  
  24  3:11  Factory  
  24  3:13  Orbital Command  
  24  3:14  SCV  
  24  3:16  Hellion  
  24  3:17  Hellion  
  29  3:20  Barracks Tech Lab  
  29  3:27  SCV  
  29  3:32  Supply Depot  
  30  3:38  Hellion x2  
  30  3:39  SCV  
  35  3:50  SCV  
  35  3:51  SCV  
  37  3:57  Supply Depot  
  37  4:03  Hellion  
  37  4:04  SCV x2  
  37  4:08  Infernal Pre-Igniter  
  41  4:14  Armory  
  41  4:16  SCV x2  
  43  4:22  Supply Depot  
  43  4:23  Siege Tank  
  46  4:28  SCV  
  47  4:39  SCV  
  47  4:44  Supply Depot  
  48  4:57  Hellion x2  
  51  5:01  Hellion  
  51  5:04  Terran Vehicle Weapons Level 1  
  51  5:06  SCV, Armory  
  54  5:08  SCV  
  54  5:09  Supply Depot  
  55  5:19  SCV  
  56  5:25  SCV  
  56  5:26  Starport  
  57  5:29  Siege Tank, Hellion x2  
  64  5:41  Barracks Reactor  
  64  5:50  Hellion  
  64  5:51  Hellion  
  68  6:01  Hellion  
  70  6:40  Hellion x3  
  74  7:01  Hellion x2  
  74  7:03  Hellion  
  80  7:15  Refinery  
  80  7:19  Supply Depot x2  
  80  7:20  Supply Depot  
  82  7:23  Liberator x2, Hellion x2  
  82  7:25  Hellion  
  82  7:29  Terran Vehicle Weapons Level 2  
  86  7:30  Terran Vehicle And Ship Armor Level 1  
  92  7:45  Hellion  
  92  7:46  Hellion  
  92  7:49  Supply Depot  
  92  7:50  Supply Depot  
  64  8:48  Hellion  
  64  8:51  Hellion x2  
  56  9:12  Hellion  
  56  9:14  Hellion  
  56  9:15  Liberator x2, Hellion  
  62  9:38  Hellion x3  
  69  10:07  Hellion  
  69  10:08  Siege Tank, Hellion  
  76  10:18  Command Center  
  76  10:19  Command Center  
  76  10:21  Terran Vehicle And Ship Armor Level 2, Engineering Bay  
  76  10:22  Terran Ship Weapons Level 1  
  76  10:28  Liberator x2  
  76  10:37  Hellion x2  
  86  10:54  SCV x2, Fusion Core  
  88  11:03  Hellion x2  
  92  11:06  SCV x2  
  95  11:18  SCV  
  95  11:30  Refinery  
  95  11:34  Hellion x2  
  95  11:36  Factory  
  95  11:37  Factory Reactor  
  99  11:47  Starport Tech Lab  
  99  11:51  Starport  
  99  11:59  Hellion x2  
  103  12:14  Hellion x2  
  98  12:37  Hellion  
  98  12:38  Hellion x3  
  102  12:59  Hellion  
  104  13:20  Hellion  
  104  13:21  Hellion x3  
  109  13:27  Orbital Command  
  109  13:31  Hellion x7  
  102  13:42  Hellion  
  102  13:47  Hellion x3  
  110  14:03  Hellion  
  110  14:07  SCV x3  
  110  14:08  Hellion x2  
  119  14:19  SCV x3  
  122  14:30  Hellion x2  
  122  14:31  Hellion x2  
  109  15:22  Hellion x4  
  117  15:39  Factory Tech Lab, Liberator x2  
  117  15:44  Orbital Command  
  117  15:46  Hellion x2  
  117  15:47  Hellion x2  
  131  16:00  Hellion x22  
  131  16:07  Starport Tech Lab  
  111  16:27  Liberator x2  
  111  16:32  Hellion x4  
  125  16:53  Hellion  
  119  17:03  Hellion x3  
  115  17:14  Hellion  
  107  17:24  Hellion x2  
  107  17:26  Hellion  
  113  17:36  Hellion  
  115  17:45  Hellion, Terran Vehicle Weapons Level 3  
  115  17:46  Hellion  
  115  17:47  Hellion  
  115  17:48  Orbital Command  
  115  17:50  Refinery  
  121  17:51  Refinery  
  121  17:55  Advanced Ballistics  
  121  17:57  SCV x3  
  124  18:09  SCV  
  127  18:20  Siege Tank, Hellion x4  
  133  18:42  Hellion x3  
  139  19:03  Siege Tank  
  124  19:35  Siege Tank  
  100  20:19  SCV  
  57  20:28  Hellion x13  
  57  20:31  SCV, Orbital Command  
  55  20:43  SCV  
  55  20:44  Orbital Command  
  56  20:55  SCV  
  59  20:57  Hellion x5  
  64  21:07  SCV  
  62  21:13  Orbital Command  
  62  21:14  Refinery  
  62  21:17  SCV  
  62  21:18  SCV, Hellion  
  66  21:19  SCV, Hellion x4  
  75  21:29  SCV  
  75  21:30  SCV  
  75  21:31  SCV  
  78  21:41  SCV  
  78  21:42  SCV  
  78  21:44  SCV  
  81  21:54  SCV  
  82  22:00  Refinery  
  82  22:01  Refinery  
  82  22:05  SCV x2  
  88  22:08  Hellion x2  
  88  22:09  Hellion x3  
  94  22:23  SCV x2  
  98  22:30  Hellion  
  98  22:34  Hellbat x2  
  98  22:35  Hellbat  
  106  22:42  Siege Tank  
  107  22:48  Refinery  
  107  22:49  Medivac x2  
  113  22:51  Hellbat  
  113  23:01  Viking  
  113  23:03  Hellbat  
  113  23:04  Hellbat x2  
  121  23:07  SCV x3  
  121  23:08  SCV  
  125  23:14  Supply Depot x3  
  125  23:16  Supply Depot  
  125  23:19  Viking x2  
  129  23:25  Hellion  
  131  23:36  Siege Tank, Hellion  
  136  23:44  Hellbat  
  136  23:45  Hellbat  
Show
View Real Time Build Order
Export as new Build Order

pHARM Zerg - Winner!

Build Orders: Hatch First, Swarm Host 

Get SALT Encoding   

  12  0:02  Drone  
  13  0:20  Overlord  
  13  0:21  Drone  
  14  0:39  Drone x2  
  16  0:53  Drone  
  17  0:57  Drone, Hatchery  
  17  1:06  Drone  
  18  1:17  Drone  
  19  1:23  Spawning Pool  
  18  1:29  Drone  
  19  1:39  Drone  
  20  1:53  Extractor  
  19  1:58  Drone  
  19  2:00  Overlord  
  20  2:12  Drone x2  
  22  2:19  Queen x2  
  22  2:20  Zergling x4  
  28  2:39  Drone x2  
  28  3:05  Drone  
  28  3:06  Drone x5  
  34  3:22  Pneumatized Carapace  
  34  3:24  Drone x2  
  36  3:30  Overlord x2  
  36  3:48  Queen  
  36  3:49  Drone x7  
  36  3:55  Drone  
  46  4:05  Queen  
  46  4:06  Extractor  
  47  4:11  Evolution Chamber x2  
  47  4:14  Baneling Nest, Drone x3  
  47  4:38  Zerg Melee Weapons Level 1, Extractor  
  47  4:43  Hatchery  
  45  4:55  Lair  
  45  5:15  Zerg Ground Armor Level 1  
  45  5:19  Drone x5  
  45  5:20  Drone  
  51  5:23  Drone  
  52  5:36  Roach Warren, Drone  
  52  5:50  Baneling x4  
  52  5:54  Queen  
  54  6:01  Zergling x8  
  54  6:02  Overlord x11  
  58  6:29  Roach x7  
  69  6:34  Queen x2  
  69  6:38  Roach x3  
  78  6:54  Roach x5  
  82  7:02  Queen  
  82  7:05  Glial Reconstitution  
  84  7:10  Queen x2  
  88  7:38  Infestation Pit, Queen  
  88  7:39  Extractor  
  88  7:40  Zerg Ground Armor Level 2, Zerg Missile Weapons Level 1  
  88  7:47  Roach x7  
  88  7:48  Roach x5  
  100  8:17  Roach x10  
  106  8:25  Roach  
  82  8:36  Roach x3  
  84  8:43  Roach x2  
  82  8:51  Roach  
  82  8:52  Roach x2  
  70  9:08  Roach x6  
  50  9:48  Roach x5  
  50  9:49  Roach x7  
  70  9:58  Queen x2  
  72  10:10  Hatchery  
  69  10:22  Zerg Missile Weapons Level 2  
  69  10:29  Swarm Host x3  
  69  10:33  Queen  
  69  10:34  Zergling x2  
  69  10:35  Zergling x8  
  85  11:13  Nydus Network  
  84  11:22  Swarm Host  
  84  11:23  Swarm Host x5  
  84  11:25  Drone x4  
  106  11:34  Drone  
  106  11:35  Drone x5  
  112  11:53  Extractor, Drone x5  
  116  11:55  Extractor  
  115  12:04  Nydus Canal  
  115  12:20  Hive  
  115  12:27  Swarm Host x5  
  130  12:48  Overlord  
  130  12:49  Overlord x4  
  130  12:53  Hatchery  
  130  12:56  Nydus Canal  
  129  13:24  Roach x12  
  129  13:25  Overlord x3  
  129  13:26  Overlord x2  
  153  14:08  Nydus Canal  
  143  14:49  Drone x13  
  143  14:50  Drone x7  
  152  15:01  Drone x4  
  156  15:35  Zerg Ground Armor Level 3, Zerg Missile Weapons Level 3  
  156  15:36  Roach x12  
  180  15:47  Spine Crawler x2  
  178  15:52  Spine Crawler, Extractor  
  178  15:54  Extractor  
  175  16:00  Ultralisk Cavern  
  174  16:22  Nydus Canal  
  174  17:09  Roach  
  174  17:10  Roach x6  
  174  17:12  Overlord x3  
  174  17:13  Overlord x14  
  168  17:30  Drone x5  
  168  17:34  Ravager  
  174  17:46  Ultralisk x4  
  174  17:47  Chitinous Plating  
  198  18:07  Spine Crawler x2  
  198  18:09  Spine Crawler  
  186  18:16  Hatchery  
  186  18:19  Spire  
  170  18:42  Spore Crawler  
  170  18:43  Spore Crawler  
  167  19:06  Spore Crawler  
  167  19:09  Spore Crawler x2  
  139  19:40  Corruptor x7  
  153  19:48  Zerg Flyer Weapons Level 1  
  145  19:57  Spore Crawler  
  144  20:02  Queen  
  144  20:03  Spore Crawler, Queen x3  
  149  20:08  Zerg Melee Weapons Level 2  
  82  20:39  Roach x6  
  90  21:20  Drone x12  
  102  21:33  Drone x5  
  107  21:47  Drone x3  
  110  22:20  Drone  
  110  22:21  Drone x16  
  127  23:08  Roach  
  127  23:09  Roach x17  
  127  23:10  Extractor  
  162  23:13  Extractor  
  161  23:31  Roach x10  
  181  23:55  Roach x12  
Tags
 
Add a new tag
Caveats
  • Supply blocks, unpowered buildings, or Contaminate may cause inaccurate times.
  • Supply counts are checked every 10 seconds.